 Dungeon Crawl Stone Soup version 0.31-a0-856-g2a902b0 (webtiles) character file.

Game seed: 12505384613305005817

221518 dontdoit the Earth Mage (level 19, -2/133 HPs)
             Began as a Ghoul Earth Elementalist on Sept 30, 2023.
             Was an Elder of Sif Muna.
             Slain by a +0 vampiric lajatang (18 damage)
             ... on level 2 of the Elven Halls on Oct 8, 2023.
             The game lasted 03:10:52 (50647 turns).

dontdoit the Earth Mage (Ghoul Earth Elementalist) Turns: 50647, Time: 03:10:53

Health: -2/133     AC: 12    Str: 14    XL:     19   Next: 21%
Magic:  13/55      EV: 18    Int: 26    God:    Sif Muna [****..]
Gold:   4614       SH: 10    Dex:  9    Spells: 4/47 levels left

rFire   . . .        H - staff of Supply {rC+ Int+5 Ice}
rCold   + + .        B - +0 buckler {AC+3}
rNeg    + + +        U - +0 robe {rF+}
rPois   ∞            S - +3 hat of Pondering {ponderous, Will+ MP+10 Int+5}
rElec   +            u - +0 cloak
rCorr   .            g - +1 pair of gloves
SInv    .            a - +0 pair of boots "Vudocamoa" {Rampage rElec rF- Stlth+}
Will    ++...        F - amulet of reflection
Stlth   +++          W - ring of magical power
HPRegen 0.00/turn    t - +5 ring of evasion
MPRegen 0.34/turn

%: reflection, rampage
@: inhibited regen, hasted, very quick
A: claws 1, cold resistance 1, negative energy resistance 3, inhibited
regeneration, torment resistance 2, devour on kill
}: 1/15 runes: decaying
a: Renounce Religion, Channel Magic, Forget Spell, Divine Exegesis


You were on level 2 of the Elven Halls.
You worshipped Sif Muna.
Sif Muna was greatly pleased with you.
You visited 6 branches of the dungeon, and saw 29 of its levels.
You also visited: Ossuary and Gauntlet.

You collected 4808 gold pieces.
You spent 194 gold pieces at shops.

Inventory:

Hand Weapons
 l - a +1 war axe of protection
Missiles
 i - 5 throwing nets
 m - 9 curare-tipped darts
Armour
 a - the +0 pair of boots "Vudocamoa" (worn) {Rampage rElec rF- Stlth+}
   (You found it on level 13 of the Dungeon)

   rF-:       It makes you vulnerable to fire.
   rElec:     It insulates you from electricity.
   Rampage:   It bestows one free step when moving towards enemies.
   Stlth+:    It makes you more stealthy.
 d - the +2 helmet of the Arcadian God {Str+3}
   (You found it on level 5 of the Dungeon)

   Str+3:     It affects your strength (+3).
 g - a +1 pair of gloves (worn)
 k - a +1 pair of boots
 u - a +0 cloak (worn)
 B - a +0 buckler of protection (worn)
 S - the +3 hat of Pondering (worn) {ponderous, Will+ MP+10 Int+5}
   (You took it off Gastronok on level 2 of the Lair of Beasts)

   Int+5:     It affects your intelligence (+5).
   Will+:     It increases your willpower.
   MP+10:     It affects your magic capacity (+10).
 T - the +7 ring mail of the Frog {rCorr Int+3}
   (You took it off a minotaur in a Gauntlet)

   Int+3:     It affects your intelligence (+3).
   rCorr:     It protects you from acid and corrosion.
 U - a +0 robe of fire resistance (worn)
Magical Staves
 H - the staff of Supply (weapon) {rC+ Int+5 Ice}
   (You found it on level 9 of the Dungeon)

   [staff of cold]

   Base accuracy: +5 Base damage: 5 Base attack delay: 1.2 This weapon's minimum
   attack delay (0.6) is reached at skill level 12.
   Int+5:     It affects your intelligence (+5).
   rC+:       It protects you from cold.
   Ice:       It increases the power of your Ice spells.
   It falls into the 'Staves' category.
   It is a one-clawed weapon.
 Z - the staff "Giant's Toothpick" {rF- rC+ Int+6 Dex+3 Ice}
   (You took it off a minotaur in a Gauntlet)

   [staff of cold]

   Base accuracy: +5 Base damage: 5 Base attack delay: 1.2 This weapon's minimum
   attack delay (0.6) is reached at skill level 12.
   Int+6:     It affects your intelligence (+6).
   Dex+3:     It affects your dexterity (+3).
   rF-:       It makes you vulnerable to fire.
   rC+:       It protects you from cold.
   Ice:       It increases the power of your Ice spells.
   It falls into the 'Staves' category.
   It is a one-clawed weapon.
Jewellery
 f - the ring of Xucigera {rC+ Will++}
   (You found it on level 2 of the Dungeon)

   [ring of protection from cold]

   rC+:       It protects you from cold.
   Will++:    It greatly increases your willpower.
 t - a +5 ring of evasion (right hand)
 E - a ring of ice
 F - an amulet of reflection (around neck)
 W - a ring of magical power (left hand)
 X - a ring of protection from fire
 Y - the ring of Moderation {rPois rCorr MP+9 Int-3 Dex-5}
   (You found it in a Gauntlet)

   [ring of poison resistance]

   Int-3:     It affects your intelligence (-3).
   Dex-5:     It affects your dexterity (-5).
   rPois:     It protects you from poison MP+9: It affects your magic capacity
   (+9).
   rCorr:     It protects you from acid and corrosion.
Wands
 e - a wand of iceblast (11)
 D - a wand of mindburst (25)
 I - a wand of flame (45)
 J - a wand of digging (9)
 P - a wand of polymorph (24)
 R - a wand of paralysis (26)
Scrolls
 b - 3 scrolls of enchant armour
 h - 5 scrolls of enchant weapon
 p - a scroll of identify
 q - 7 scrolls of teleportation
 s - 3 scrolls of revelation
 v - 5 scrolls of fog
 y - 2 scrolls of amnesia
 A - 3 scrolls of poison
 K - 2 scrolls of silence
 V - a scroll of summoning
Potions
 j - 7 potions of curing
 n - 5 potions of enlightenment
 o - a potion of cancellation
 r - 10 potions of ambrosia
 w - a potion of magic
 x - 5 potions of brilliance
 z - 7 potions of might
 G - 3 potions of resistance
Miscellaneous
 L - a phantom mirror


   Skills:
 - Level 3.0 Fighting
 - Level 3.4 Armour
 - Level 6.4 Dodging
 - Level 2.1 Stealth
 + Level 6.9 Shields
 * Level 14.8 Spellcasting
 + Level 10.4 Conjurations
 + Level 12.4 Necromancy
 - Level 0.8 Transmutations
 * Level 14.9 Ice Magic
 * Level 15.5 Earth Magic
 + Level 12.1 Invocations


You had 4 spell levels left.
You knew the following spells:

 Your Spells              Type           Power      Damage    Failure   Level
a - Sandblast             Erth           100%       2d20      0%          1
b - Passwall              Tmut/Erth      48%        N/A       1%          2
c - Stone Arrow           Conj/Erth      100%       3d13      1%          3
d - Dispel Undead         Necr           71%        3d24      1%          4
e - Lee's Rapid Deconstr  Erth           39%        3d19*     1%          5
f - Ozocubu's Refrigerat  Ice            49%        4d18      7%          7
g - Petrify               Tmut/Erth      58%        N/A       1%          4
h - Hailstorm             Conj/Ice       91%        3d18      1%          3
i - Bombard               Conj/Erth      36%        9d6       2%          6
j - Borgnjor's Vile Clut  Necr/Erth      37%        N/A       1%          5
k - Vampiric Draining     Necr           71%        2d11      1%          3

Your spell library contained the following spells:

 Spells                   Type           Power      Damage    Failure   Level
 Freeze                   Ice            100%       1d10      0%          1
 Kiss of Death            Conj/Necr      100%       2d13      1%          1
 Necrotise                Necr           100%       1d9       1%          1
 Shock                    Conj/Air       100%       1d9       1%          1
 Cigotuvi's Dreadful Rot  Necr/Pois/Air  80%        N/A       1%          2
 Static Discharge         Conj/Air       92%        2-6/arc   1%          2
 Dazzling Flash           Conj/Hex       92%        N/A       1%          3
 Frozen Ramparts          Ice            100%       1d16      1%          3
 Ozocubu's Armour         Ice            98%        N/A       1%          3
 Animate Armour           Summ/Erth      100%       N/A       1%          4
 Brom's Barrelling Bould  Conj/Erth      72%        2d9       1%          4
 Summon Ice Beast         Ice/Summ       72%        N/A       1%          4
 Mephitic Cloud           Conj/Pois/Air  37%        N/A       2%          3
 Anguish                  Hex/Necr       25%        N/A       2%          4
 Apportation              Tloc           38%        N/A       3%          1
 Slow                     Hex            76%        N/A       3%          1
 Flame Wave               Conj/Fire      46%        2d12      4%          4
 Sticky Flame             Conj/Fire      46%        2d6       4%          4
 Jinxbite                 Hex            38%        N/A       5%          2
 Ignite Poison            Fire/Tmut/Pois 20%        N/A       10%         3
 Confusing Touch          Hex            19%        N/A       11%         3
 Summon Guardian Golem    Hex/Summ       19%        N/A       11%         3
 Swiftness                Air            19%        N/A       11%         3
 Volatile Blastmotes      Fire/Tloc      38%        2d13      11%         3
 Cause Fear               Hex            9%         N/A       34%         4
 Passage of Golubria      Tloc           19%        N/A       34%         4
 Summon Lightning Spire   Summ/Air       19%        N/A       34%         4
 Vhi's Electric Charge    Tloc/Air       38%        N/A       34%         4
 Agony                    Necr           71%        N/A       1%          5
 Simulacrum               Ice/Necr       47%        N/A       1%          6
 Freezing Cloud           Conj/Ice/Air   38%        6-21      3%          5
 Death Channel            Necr           35%        N/A       3%          6
 Metabolic Englaciation   Hex/Ice        36%        N/A       4%          5
 Irradiate                Conj/Tmut      24%        3d19      10%         5
 Conjure Ball Lightning   Conj/Air       23%        3x3d6     54%         6
 Starburst                Conj/Fire      23%        6d8       54%         6
 Alistair's Intoxication  Tmut/Pois      14%        N/A       63%         5
 Silence                  Hex/Air        9%         N/A       69%         5
 Summon Forest            Summ/Tloc      9%         N/A       69%         5
 Summon Mana Viper        Hex/Summ       19%        N/A       69%         5
 Lehudib's Crystal Spear  Conj/Erth      36%        10d9      75%         8
 Haunt                    Necr/Summ      25%        N/A       93%         7
 Spellforged Servitor     Conj/Summ      23%        N/A       98%         7
 Plasma Beam              Fire/Air       9%         2x1d20    99%         6
 Summon Cactus Giant      Summ           9%         N/A       99%         6
 Enfeeble                 Hex            9%         N/A       100%        7
 Monstrous Menagerie      Summ           9%         N/A       100%        7
 Maxwell's Capacitive Co  Air            9%         ∞         100%        8


Dungeon Overview and Level Annotations

Branches:
Dungeon (15/15)            Temple (1/1) D:7            Lair (5/5) D:11
  Swamp (4/4) Lair:3       Spider (0/4) Lair:3        Slime (0/5) Lair:4
    Orc (2/2) D:9             Elf (2/3) Orc:2        Vaults (0/5) D:13
 Depths (0/4) D:15        Ossuary (visited)         Gauntlet (visited)

Altars:
Ashenzari
Cheibriados
Dithmenos
Fedhas
Gozag
Hepliaklqana
Kikubaaqudgha
Makhleb
Nemelex Xobeh
Okawaru
Qazlal
Ru
Sif Muna
Trog
Uskayaw
Vehumet
Wu Jian
Xom
Yredelemnul

Shops:
D:7 :   D:10 *(   Orc:2 *(?:   Elf:1 *   Elf:2 *:(

Annotations:
Lair:1 Jeremiah
Lair:4 exclusion: 2 oklob plants


Innate Abilities, Weirdness & Mutations

You are immune to poison.
You have sharp fingernails.
Your flesh is cold resistant. (rC+)
You are immune to negative energy. (rN+++)
You do not regenerate when monsters are visible.
You are immune to unholy pain and torment.
You thrive by killing the living.


Message History

The +1 mace of holy wrath hits your air elemental!!
Your air elemental is destroyed!
Your air elemental dissolves into shadows!
Your +2 hand axe of freezing barely misses the +1 double sword of electrocution.
Your +2 hand axe of freezing hits the +1 mace of holy wrath but does no damage.
You block the +0 vampiric lajatang's attack.
The +1 double sword of electrocution hits your +2 hand axe of freezing!
The +1 mace of holy wrath hits your +2 hand axe of freezing!
Your +2 hand axe of freezing is destroyed!
Your +2 hand axe of freezing dissolves into shadows!
The +0 vampiric lajatang attacks as it pursues you!
The +0 vampiric lajatang hits you!
* * * LOW HITPOINT WARNING * * *
The deep elf knight casts a spell at you.
You block the shard of ice... and reflect it back!
The shard of ice hits the deep elf knight!!!
You swap places.
The +0 vampiric lajatang hits your deep elf zephyrmancer!!!
Your deep elf zephyrmancer dies!
Your deep elf zephyrmancer's corpse dissolves into shadows!
As you read the scroll of teleportation, it crumbles to dust.
You feel strangely unstable.
The +0 vampiric lajatang closely misses you.
The +0 vampiric lajatang attacks as it pursues you!
The +0 vampiric lajatang hits you!
* * * LOW HITPOINT WARNING * * *
You feel better.
The +0 vampiric lajatang barely misses you.
Your surroundings suddenly seem different.
A +0 halberd of holy wrath comes into view.
Casting: Stone Arrow (safe; 1% risk of failure)
Confirm with . or Enter, or press ? or * to list all spells.
Aiming: Borgnjor's Vile Clutch (mildly dangerous; 1% risk of failure)
Press: ? - help, Shift-Dir - straight line, f - +0 vampiric lajatang
Aim: a +0 vampiric lajatang (100% to hit)
Zombie hands grab the +0 vampiric lajatang.
The zombie hands constrict the +0 vampiric lajatang.
The +0 vampiric lajatang completely misses you.
The +0 vampiric lajatang hits you!!
You die...

..#...........#.# #.# #.#
##.............# #.#####.#
##.............## #.......#
..#...........#.# #######.#
...#.........#..# ######.#.#
....#.......#...# ##.....)..#
.....#.....#....# #..####.#.#
.....^#...#.....#######.## ###..
.......###......@'......#####.#..
.......# #.....(.'..............[
.......###.......'....).#####.#..
......#.))#.....#######.## ####.
.....#..)..#....# #..####.##.
..((#))[.)..#...# ##......)..
..(#.........#..# ######.###
..#...........#.# ###
##....)........##


You could see a +0 vampiric lajatang (clutched).

Vanquished Creatures
  the Lernaean hydra (Swamp:4)
  2 tentacled monstrosities
  Gastronok (Lair:2)
  Frances (Swamp:1)
  Aizul (Elf:2)
  2 deep elf sorcerers (Elf:2)
  Louise (D:15)
  2 ghouls (Swamp:4)
  2 orc warlords (Orc:2)
  7 eleionomae
  Nessos (D:15)
  A minotaur (Gauntlet)
  Azrael (D:13)
  4 bunyips
  An ettin (Orc:2)
  3 deep elf death magi
  4 entropy weavers (D:10)
  Harold (Lair:2)
  22 hydras
  A rakshasa (D:10)
  9 ghost crabs
  8 alligators
  11 centaur warriors
  2 catoblepae
  4 vault guards (D:13)
  2 ogre magi
  Erica (Orc:1)
  19 dancing weapons
  7 two-headed ogres
  4 death yaks
  2 tengu warriors
  3 boulder beetles
  Urug (Lair:2)
  An orc high priest (Orc:2)
  Sonja (Orc:2)
  A deep troll earth mage (D:15)
  4 fire crabs (D:10)
  A skyshark (Lair:5)
  15 deep elf knights
  5 skeletal warriors (D:14)
  3 goliath frogs
  3 spriggan druids
  11 swamp dragons
  9 deep elf archers
  3 bog bodies
  3 wizards
  20 deep elf zephyrmancers
  18 deep elf pyromancers
  6 orc knights
  A necromancer (Elf:1)
  2 statues (D:10)
  A wolf spider (D:15)
  2 orc sorcerers (Orc:2)
  10 cyclopes
  4 will-o-the-wisps
  5 large abominations (Elf:1)
  A cyclops (shapeshifter) (Elf:2)
  14 ugly things
  A salamander (shapeshifter) (Elf:2)
  A moth of wrath (shapeshifter) (D:14)
  4 manticores
  Maurice (Orc:2)
  An apocalypse crab (D:10)
  A torpor snail (Lair:1)
  27 elephants
  27 cane toads
  3 gargoyles
  7 black mambas
  A freezing wraith (D:14)
  3 efreet
  3 komodo dragons
  3 yaktaurs (D:15)
  An unseen horror (D:10)
  A tengu conjurer (D:14)
  3 rime drakes
  A queen bee (D:13)
  2 polar bears
  7 trolls
  3 bloated husks
  6 meliai
  A troll (shapeshifter) (D:14)
  11 tyrant leeches
  10 hornets
  11 dream sheep
  9 saltlings
  38 blink frogs
  A raiju (Gauntlet)
  23 slime creatures
  2 spectral black mambas (Lair:3)
  10 spriggans
  A jumping spider (Lair:3)
  A shadow (D:10)
  A vampire (D:10)
  4 wraiths
  Eustachio (D:5)
  2 water elementals
  2 air elementals
  41 yaks
  6 wyverns
  9 basilisks
  A human (D:13)
  7 fire elementals
  A steam dragon (Gauntlet)
  12 vampire mosquitoes
  2 wargs (Orc:2)
  13 swamp worms
  2 acid dragons
  19 water moccasins
  7 swamp drakes (Swamp:4)
  4 hell hounds (D:13)
  An ice beast (D:5)
  27 orc warriors
  5 black bears
  2 spectral rime drakes (Lair:3)
  6 wolves
  12 ogres
  8 centaurs
  A spectral basilisk (Lair:3)
  7 elf zombies
  17 bullfrogs
  4 kobold brigands
  A necrophage (Swamp:4)
  2 earth elementals (Elf:1)
  A gnoll sergeant (D:9)
  A scorpion (D:6)
  10 wights
  20 killer bees
  3 howler monkeys
  4 electric eels
  3 human zombies (Ossuary)
  3 centaur zombies (Ossuary)
  3 gnoll boudas
  3 hounds
  8 orc priests
  3 sleepcaps
  An iguana (D:6)
  27 orc wizards
  3 mummies (Ossuary)
  7 adders
  14 gnolls
  A shadow imp (D:7)
  3 white imps
  4 dart slugs
  72 orcs
  6 endoplasms
  3 giant cockroaches
  8 goblins
  3 hobgoblins
  5 jackals (D:1)
  7 quokkas
  7 ball pythons
  9 bats
  A frilled lizard (D:3)
  A goblin zombie (D:4)
  15 kobolds
  6 rats
  A rat zombie (D:4)
994 creatures vanquished.

Vanquished Creatures (collateral kills)
  Rupert (D:15)
  A hydra (D:11)
  A deep elf pyromancer (Elf:2)
  An ugly thing (D:11)
  A cyclops (D:11)
  A manticore (D:11)
  An orc warrior (D:11)
  A boulder (D:15)
8 creatures vanquished.

Vanquished Creatures (others)
  A two-headed ogre (D:13)
  A spriggan (Swamp:1)
  A steam dragon (Gauntlet)
  A boulder (D:15)
  4 foxfires
8 creatures vanquished.

Grand Total: 1010 creatures vanquished

Notes
Turn   | Place    | Note
-------+----------+-------------------------------------------
     0 | D:1      | dontdoit the Ghoul Earth Elementalist began the quest for
                  | the Orb.
     0 | D:1      | Reached XP level 1. HP: 14/14 MP: 2/2
     6 | D:1      | Noticed a salamander
     6 | D:1      | Noticed a rime drake
     7 | D:1      | Noticed an iguana
   189 | D:1      | Reached XP level 2. HP: 20/20 MP: 2/4
   632 | D:1      | Reached XP level 3. HP: 26/26 MP: 3/5
  1405 | D:2      | Learned a level 2 spell: Passwall
  1409 | D:2      | Learned a level 3 spell: Stone Arrow
  1416 | D:2      | Reached skill level 4 in Earth Magic
  1430 | D:2      | Reached XP level 4. HP: 32/33 MP: 1/7
  1501 | D:2      | Identified the ring of Xucigera {rC+ Will++}
  1893 | D:2      | Learned a level 3 spell: Vampiric Draining
  3568 | D:4      | Reached XP level 5. HP: 38/38 MP: 1/9
  3571 | D:4      | Reached skill level 1 in Conjurations
  3584 | D:4      | Noticed an ogre
  3590 | D:4      | Killed an ogre
  3591 | D:4      | Reached skill level 1 in Necromancy
  3591 | D:4      | Reached skill level 1 in Ice Magic
  3603 | D:4      | Found a sand-covered staircase.
  3614 | D:4      | Reached XP level 6. HP: 39/45 MP: 0/10
  3637 | Ossuary  | Entered an ossuary
  3970 | Ossuary  | Reached XP level 7. HP: 16/50 MP: 0/12
  4177 | Ossuary  | Reached skill level 5 in Earth Magic
  4551 | Ossuary  | Reached XP level 8. HP: 51/57 MP: 5/14
  5011 | D:4      | Reached skill level 5 in Spellcasting
  5350 | D:5      | Entered Level 5 of the Dungeon
  5398 | D:5      | Noticed Eustachio
  5409 | D:5      | Killed Eustachio
  5742 | D:5      | Found an opulent altar of Gozag.
  5958 | D:5      | Identified the +2 helmet of the Arcadian God {Str+3}
  7128 | D:6      | Reached skill level 6 in Earth Magic
  7552 | D:5      | Reached XP level 9. HP: 47/62 MP: 0/17
  8617 | D:7      | Found a staircase to the Ecumenical Temple.
  8626 | Temple   | Entered the Ecumenical Temple
  8639 | Temple   | Became a worshipper of Sif Muna the Loreminder
  8767 | D:7      | Reached skill level 1 in Invocations
  8851 | D:7      | Reached skill level 5 in Ice Magic
  8907 | D:7      | Found Ceneetz's Book Shoppe.
  8929 | D:7      | Noticed a +0 short sword
  8930 | D:7      | Noticed a +0 falchion
  8938 | D:7      | Found a hide-covered altar of Uskayaw.
  8938 | D:7      | Noticed a +0 falchion
  8938 | D:7      | Noticed a +0 dagger
  8938 | D:7      | Noticed a +0 spear
  8938 | D:7      | Noticed a +0 spear
  8939 | D:7      | Noticed a +0 dagger
  8940 | D:7      | Noticed a +0 short sword
  8998 | D:7      | Found a sparkling altar of Nemelex Xobeh.
  9013 | D:7      | Found a blossoming altar of Fedhas.
  9425 | D:8      | Reached skill level 5 in Necromancy
  9428 | D:8      | Reached skill level 1 in Shields
  9428 | D:8      | Reached skill level 7 in Earth Magic
  9600 | D:8      | Reached XP level 10. HP: 69/69 MP: 12/19
  9744 | D:8      | Noticed a gargoyle
  9745 | D:8      | Noticed a two-headed ogre
 10262 | D:8      | Reached * piety under Sif Muna
 10420 | D:9      | Noticed a centaur warrior
 10421 | D:9      | Noticed a deep elf pyromancer
 10425 | D:9      | Killed a centaur warrior
 10540 | D:9      | Killed a deep elf pyromancer
 10555 | D:9      | Noticed a two-headed ogre
 10665 | D:9      | Noticed a deep elf pyromancer
 10799 | D:9      | Killed a two-headed ogre
 10902 | D:9      | Noticed a cyclops
 10920 | D:9      | Killed a cyclops
 10921 | D:9      | Reached skill level 5 in Conjurations
 11033 | D:9      | Killed a deep elf pyromancer
 11034 | D:9      | Reached XP level 11. HP: 74/74 MP: 14/22
 11051 | D:9      | Noticed a centaur warrior
 11237 | D:9      | Killed a centaur warrior
 11238 | D:9      | Reached skill level 8 in Earth Magic
 11333 | D:9      | Noticed a deep elf pyromancer
 11339 | D:9      | Killed a deep elf pyromancer
 11562 | D:9      | Noticed a centaur warrior
 11872 | D:9      | Killed a centaur warrior
 11879 | D:9      | Noticed a six-headed hydra
 11955 | D:9      | Noticed a manticore
 11961 | D:9      | Killed a manticore
 11971 | D:9      | Learned a level 4 spell: Dispel Undead
 12013 | D:9      | Noticed a two-headed ogre
 12089 | D:9      | Noticed a cyclops
 12096 | D:8      | Killed a cyclops
 12208 | D:9      | Noticed a manticore
 12261 | D:9      | Killed a manticore
 12450 | D:9      | Identified the staff of Supply {rC+ Int+5 Ice}
 12461 | D:9      | Killed a six-headed hydra
 12610 | D:9      | Reached skill level 5 in Invocations
 12769 | D:9      | Reached ** piety under Sif Muna
 12895 | D:9      | Got a whispering book
 13060 | D:8      | Killed a two-headed ogre
 13185 | D:9      | Reached XP level 12. HP: 81/81 MP: 11/24
 13466 | D:9      | Found a staircase to the Orcish Mines.
 13712 | D:10     | Entered Level 10 of the Dungeon
 13812 | D:10     | Noticed a two-headed ogre
 13819 | D:10     | Killed a two-headed ogre
 13880 | D:10     | Noticed a two-headed ogre
 13892 | D:10     | Killed a two-headed ogre
 14082 | D:10     | Found Uliutuw's Antique Weapon Emporium.
 14113 | D:10     | Found a runed translucent door.
 14175 | D:10     | Noticed a two-headed ogre
 14182 | D:10     | Killed a two-headed ogre
 14257 | D:10     | Found Vuoxan's Assorted Antiques.
 14269 | D:10     | Bought a scroll of identify for 68 gold pieces
 14692 | D:10     | Reached skill level 9 in Earth Magic
 14808 | D:10     | Upgraded the game from 0.31-a0-845-g9abc20d to
                  | 0.31-a0-851-g7ff8af7
 15603 | D:11     | Reached *** piety under Sif Muna
 15755 | D:11     | Found a staircase to the Lair.
 15988 | D:11     | Noticed a rakshasa
 16139 | D:10     | Killed a rakshasa
 16275 | D:11     | Noticed a boulder beetle
 16284 | D:11     | Killed a boulder beetle
 16294 | D:11     | Noticed a six-headed hydra
 16298 | D:11     | Killed a six-headed hydra
 16299 | D:11     | Reached skill level 10 in Spellcasting
 16310 | D:11     | Noticed a two-headed ogre
 16317 | D:11     | Killed a two-headed ogre
 16318 | D:11     | Reached XP level 13. HP: 50/86 MP: 0/26
 17465 | Lair:1   | Entered Level 1 of the Lair of Beasts
 18505 | Lair:1   | Reached **** piety under Sif Muna
 19411 | Lair:1   | Noticed Jeremiah
 19867 | Lair:2   | Reached skill level 10 in Earth Magic
 20325 | Lair:2   | Reached skill level 5 in Shields
 20429 | Lair:2   | Noticed Urug
 20443 | Lair:2   | Killed Urug
 20631 | Lair:2   | Noticed Harold
 20637 | Lair:2   | Killed Harold
 20854 | Lair:2   | Noticed Gastronok
 20870 | Lair:2   | Killed Gastronok
 21491 | Lair:2   | Reached XP level 14. HP: 93/93 MP: 17/28
 22649 | Lair:3   | Reached skill level 5 in Dodging
 23774 | Lair:3   | Reached ***** piety under Sif Muna
 23964 | Lair:3   | Learned a level 3 spell: Hailstorm
 23969 | Lair:3   | Learned a level 4 spell: Brom's Barrelling Boulder
 23993 | Lair:3   | Found a hole to the Spider Nest.
 24121 | Lair:3   | Found a staircase to the Swamp.
 24858 | Lair:4   | Reached skill level 10 in Ice Magic
 25117 | Lair:4   | Identified Sif Muna's Grimoire of the Nival Nimbus (Sif
                  | Muna gifted it to you on level 4 of the Lair of Beasts)
 25117 | Lair:4   | Received a gift from Sif Muna
 25441 | Lair:4   | Found a staircase to the Slime Pits.
 25579 | Lair:4   | Reached skill level 11 in Earth Magic
 25876 | Lair:5   | Entered Level 5 of the Lair of Beasts
 26317 | Lair:5   | Reached XP level 15. HP: 87/99 MP: 5/29
 27070 | Lair:5   | Reached skill level 10 in Necromancy
 27604 | Lair:5   | Identified Sif Muna's Reference Book on Ensnaring
                  | Conjuration (Sif Muna gifted it to you on level 5 of the
                  | Lair of Beasts)
 27604 | Lair:5   | Received a gift from Sif Muna
 28313 | Lair:5   | Identified the +10 longbow of Sigirrif {heavy, +Blink
                  | Int+3}
 28938 | Orc:1    | Entered Level 1 of the Orcish Mines
 29189 | Orc:1    | Noticed Erica
 29195 | Orc:1    | Killed Erica
 29582 | Orc:2    | Entered Level 2 of the Orcish Mines
 29582 | Orc:2    | Found a gate leading to a gauntlet.
 29598 | Orc:2    | Found a staircase to the Elven Halls.
 29608 | Gauntlet | Entered a Gauntlet
 29608 | Gauntlet | Found a transporter.
 29617 | Gauntlet | Found a transporter.
 29618 | Gauntlet | Found a transporter.
 29635 | Gauntlet | Found a transporter.
 29642 | Gauntlet | Found a transporter.
 29644 | Gauntlet | Found a runed translucent door.
 29648 | Gauntlet | Found a transporter.
 29663 | Gauntlet | Found a transporter.
 29676 | Gauntlet | Found a transporter.
 29683 | Gauntlet | Found a transporter.
 29705 | Gauntlet | Found a transporter.
 29705 | Gauntlet | Found a transporter.
 29707 | Gauntlet | Found a transporter.
 29741 | Gauntlet | Found a transporter.
 29777 | Gauntlet | Reached skill level 1 in Fighting
 29905 | Gauntlet | Identified the ring of Moderation {rPois rCorr MP+9 Int-3
                  | Dex-5}
 29938 | Gauntlet | Identified the staff "Giant's Toothpick" {rF- rC+ Int+6
                  | Dex+3 Ice}
 29938 | Gauntlet | Identified the +7 ring mail of the Frog {rCorr Int+3}
 29955 | Gauntlet | Got a vellum book
 30135 | Orc:2    | Noticed Maurice
 30141 | Orc:2    | Killed Maurice
 30714 | Orc:2    | Noticed Sonja
 30720 | Orc:2    | Killed Sonja
 30788 | Orc:2    | Noticed an orc warlord
 31086 | Orc:2    | Received a gift from Sif Muna
 31092 | Orc:2    | Killed an orc warlord
 31290 | Orc:2    | Found Uqogg's Book Shoppe.
 31309 | Orc:2    | Noticed an orc warlord
 31391 | Orc:2    | Found Wamumoh's Magic Scroll Shop.
 31401 | Orc:2    | Bought a scroll of blinking for 90 gold pieces
 31401 | Orc:2    | Bought a scroll of teleportation for 36 gold pieces
 31629 | Orc:2    | Found Upneh's General Store.
 31631 | Orc:2    | Found Yntukiq's Antique Weapon Boutique.
 31687 | Orc:2    | Killed an orc warlord
 31688 | Orc:2    | Reached skill level 12 in Earth Magic
 32138 | D:12     | Reached XP level 16. HP: 112/112 MP: 31/31
 32716 | D:12     | Learned a level 4 spell: Petrify
 33569 | D:13     | Identified the +0 pair of boots "Vudocamoa" {Rampage rElec
                  | rF- Stlth+}
 33606 | D:13     | Identified Sif Muna's Codex of Arcane Weapons (Sif Muna
                  | gifted it to you on level 13 of the Dungeon)
 33606 | D:13     | Received a gift from Sif Muna
 33625 | D:13     | Reached skill level 10 in Invocations
 33858 | D:13     | Noticed Azrael
 33876 | D:13     | Killed Azrael
 35013 | D:13     | Found a gate to the Vaults.
 35848 | D:14     | Found a shadowy altar of Dithmenos.
 36123 | D:14     | Identified Sif Muna's Enchiridion on Weathered Bewitchment
                  | (Sif Muna gifted it to you on level 14 of the Dungeon)
 36123 | D:14     | Received a gift from Sif Muna
 36545 | D:15     | Entered Level 15 of the Dungeon
 36728 | D:15     | Noticed Rupert
 36766 | D:15     | Reached skill level 13 in Earth Magic
 36832 | D:15     | Noticed Louise
 36846 | D:15     | Killed Louise
 37071 | D:15     | Noticed Nessos
 37074 | D:15     | Killed Nessos
 37829 | D:15     | Killed Rupert
 37830 | D:15     | Reached XP level 17. HP: 67/119 MP: 30/33
 38299 | D:15     | Found a staircase to the Depths.
 39202 | D:10     | Paralysed by you for 5 turns
 39282 | D:10     | Identified the +8 glaive "Vejaus" {heavy, rF++ Str-3}
 39292 | D:10     | Learned a level 6 spell: Bombard
 39496 | Swamp:1  | Entered Level 1 of the Swamp
 39665 | Swamp:1  | Noticed a tentacled monstrosity
 39685 | Swamp:1  | Killed a tentacled monstrosity
 39686 | Swamp:1  | Reached skill level 1 in Armour
 39797 | Swamp:1  | Identified the +0 leather armour "Damnable Contraption"
                  | {rPois}
 40299 | Swamp:1  | Identified the +0 pair of gloves "Viofraw" {rN+ Dex+2}
 40305 | Swamp:1  | Noticed Frances
 40644 | Swamp:1  | Killed Frances
 41530 | Swamp:2  | Identified Sif Muna's Collected Works on Erosion (Sif Muna
                  | gifted it to you on level 2 of the Swamp)
 41530 | Swamp:2  | Received a gift from Sif Muna
 41554 | Swamp:2  | Learned a level 5 spell: Borgnjor's Vile Clutch
 41560 | Swamp:2  | Learned a level 5 spell: Lee's Rapid Deconstruction
 42154 | Swamp:2  | Reached skill level 14 in Earth Magic
 42307 | Swamp:2  | Upgraded the game from 0.31-a0-851-g7ff8af7 to
                  | 0.31-a0-856-g2a902b0
 42595 | Swamp:3  | Noticed a tentacled monstrosity
 42604 | Swamp:3  | Killed a tentacled monstrosity
 43297 | Swamp:3  | HP: 4/119 [eleionoma/spray of wooden splinters (48)]
 43712 | Swamp:4  | Entered Level 4 of the Swamp
 43866 | Swamp:4  | Reached XP level 18. HP: 66/126 MP: 30/35
 44622 | Swamp:4  | Noticed the 27-headed Lernaean hydra
 44633 | Swamp:4  | Killed the 27-headed Lernaean hydra
 44634 | Swamp:4  | Reached skill level 10 in Conjurations
 45553 | Swamp:4  | Got a decaying rune of Zot
 45910 | Elf:1    | Entered Level 1 of the Elven Halls
 46115 | Elf:1    | Identified the +3 spear of the Sugar Beet {vamp, Str+5}
 46486 | Elf:1    | Found Ufasagis's Assorted Antiques.
 46712 | Elf:1    | Identified the +1 spear of Truncation {freeze, Str+4 Int-2
                  | Dex+3}
 47038 | Elf:1    | Reached skill level 15 in Earth Magic
 48159 | Elf:1    | Got a blackened book
 48810 | Elf:2    | Found a runed translucent gate.
 48889 | Elf:2    | Found a runed translucent gate.
 48889 | Elf:2    | Found a runed translucent gate.
 49073 | Elf:2    | Found Setopum's Assorted Antiques.
 49185 | Elf:2    | Paralysed by an air elemental for 1 turns
 49316 | Elf:2    | Identified Sif Muna's Treatise on the Blizzard and
                  | Beckoning (Sif Muna gifted it to you on level 2 of the
                  | Elven Halls)
 49316 | Elf:2    | Received a gift from Sif Muna
 49330 | Elf:2    | Learned a level 7 spell: Ozocubu's Refrigeration
 49552 | Elf:2    | Found Boenedgh's Weapon Emporium.
 49788 | Elf:2    | Reached XP level 19. HP: 133/133 MP: 36/36
 49838 | Elf:2    | Noticed Aizul
 49857 | Elf:2    | Killed Aizul
 50060 | Elf:2    | Found Potosout's Book Shoppe.
 50617 | Elf:2    | HP: 1/133 [+0 vampiric lajatang (7)]
 50647 | Elf:2    | Slain by a +0 vampiric lajatang

Illustrated notes

Levels and vault maps discovered:
D:1:      onia_arrival_zoo_common, layout_loops_ring
D:2:      layout_basic, minivault_19, minmay_surrounded
D:3:      layout_basic
D:4:      layout_gridville, enter_ossuary_4
D:5:      layout_basic, nicolae_gozag_seed_capital, uniq_eustachio
D:6:      layout_loops_ring
D:7:      layout_loops_ring, mainiacjoe_overflow_catwalk_spiral,
          nicolae_uskayaw_en_pointe, minmay_temple_entry_statues_fountains,
          serial_shops, nicolae_shop_tiny_real_fake_doors
D:8:      layout_loops_ring, lightli_corner_chamber
D:9:      minmay_the_grid_square_5x5_4x4
          [minmay_the_grid_square_5x5_almost_minimal,
          minmay_the_grid_square_5x5_empty, minmay_the_grid_square_5x5_percent,
          minmay_the_grid_square_5x5_shrine1, minmay_the_grid_square_5x5_mess,
          minmay_the_grid_square_5x5_prize_monsterx,
          minmay_the_grid_square_5x5_prize_waves,
          minmay_the_grid_square_5x5_half_checkered,
          minmay_the_grid_square_5x5_tri_point,
          minmay_the_grid_square_5x5_prize_deathbox,
          minmay_the_grid_square_5x5_prize_gold, minmay_the_grid_square_5x5_six,
          minmay_the_grid_square_5x5_seven,
          minmay_the_grid_square_5x5_trominoes, minmay_the_grid_square_5x5_n,
          minmay_the_grid_square_5x5_shuriken], layout_rooms, david_orc_5,
          dk_rats_in_the_wall
D:10:     gammafunk_mikee_crab_dinner, layout_cross, serial_shops, shop, shop,
          minmay_dual_archer_statues
D:11:     minmay_bloctagon, layout_gridville, due_lair_maze_entry_diamond
D:12:     layout_irregular_city
D:13:     layout_rooms, grunt_vaults_entry_fortified, special_room
          [special_room_bee], st_stairs_4, uniq_azrael
D:14:     layout_loops_ring, nicolae_dithmenos_the_darkroom
D:15:     hellmonk_depths_entry_around_the_bend, layout_irregular_city,
          serial_bayou_pond_e, minmay_misc_feat_five, uniq_nessos, uniq_rupert,
          uniq_louise
Temple:   mainiacjoe_temple_coin_purse
Lair:1:   layout_hall_layers, uniq_jeremiah
Lair:2:   layout_regular_city, uniq_harold, uniq_gastronok, uniq_urug
Lair:3:   layout_regular_city, nicolae_swamp_entry_spooky, spider_nest_entry_a,
          gammafunk_lair_bear_cave
Lair:4:   layout_roguey, minmay_slime_entry_oklob_enclosed
Lair:5:   minmay_lair_end_frog_pond, layout_hall_layers
Swamp:1:  cheibrodos_swamp_monstrosity, layout_falls_marsh,
          evilmike_swamp_ruin_house_2, uniq_frances
Swamp:2:  layout_falls_marsh, evilmike_swamp_ruin_house_6,
          infiniplex_staircase_pool_2
Swamp:3:  layout_basic_swamp, hangedman_swamp_blocks, hangedman_swamp_cone
Swamp:4:  swamp_old_school, layout_basic_swamp
Orc:1:    layout_caves, basic_altar, uniq_erica
Orc:2:    hellmonk_orc_salted, layout_caves, gauntlet_entry_generic, uniq_sonja,
          uniq_maurice
Elf:1:    layout_loops_corners, serial_shops, nicolae_diamond_shop,
          serial_co_window_serial, co_window_of_opportunity_a,
          co_window_corner_a, co_window_of_opportunity_a, co_window_corner_a,
          co_window_of_opportunity_a, co_window_of_opportunity_a,
          co_window_2corner, co_window_broadway_b, co_window_of_opportunity_b,
          co_window_unsneaky_path_d, co_window_4corner_b, glass_columns_b,
          glass_columns_b, glass_columns_a, glass_columns_a, glass_columns_a,
          minmay_elf_necromancy
Elf:2:    nicolae_elf_blades_splatter_lattice [nicolae_blade_tridents],
          layout_gridlike, serial_shops, shop,
          nicolae_shop_bloodbath_and_beyond, shop_statue, uniq_aizul

Skill      XL: |  1  2  3  4  5  6  7  8  9 10 11 12 13 14 15 16 17 18 |
---------------+-------------------------------------------------------+-----
Spellcasting   | 2 3 4 6 7 8 9 10 11 12 13 14 | 14.8
Earth Magic    | 4 5 6 7 8 9 10 11 12 13 14 15 | 15.5
Conjurations   | 1 2 3 4 5 6 7 8 9 10 | 10.4
Necromancy     | 1 2 4 5 6 7 8 9 10 11 12 | 12.4
Ice Magic      | 1 2 3 4 5 6 7 8 9 10 11 12 13 14 | 14.9
Invocations    | 2 3 5 6 7 8 9 10 11 12 | 12.1
Shields        | 1 3 4 5 6 |  6.9
Dodging        | 3 4 5 6 |  6.4
Fighting       | 2 3 |  3.0
Armour         | 2 3 |  3.4
Stealth        | |  2.1
Transmutations | |  0.8

Action                     |  1- 3 |  4- 6 |  7- 9 | 10-12 | 13-15 | 16-18 | 19-21 || total
---------------------------+-------+-------+-------+-------+-------+-------+-------++-------
  Melee: Unarmed           |    13 |       |       |       |       |       |       ||    13
         War axe           |    14 |    13 |    28 |       |       |       |       ||    55
         Punch             |       |       |     1 |       |       |       |       ||     1
         Staff             |       |       |       |     5 |     6 |     4 |       ||    15
   Cast: Sandblast         |    63 |   102 |   240 |   131 |    91 |     1 |       ||   628
         Passwall          |       |     2 |       |       |       |       |       ||     2
         Stone Arrow       |       |       |    34 |   175 |   773 |   412 |     7 ||  1401
         Vampiric Draining |       |       |     3 |    16 |     8 |    11 |       ||    38
         Dispel Undead     |       |       |       |     7 |    24 |    34 |       ||    65
         Hailstorm         |       |       |       |       |    21 |   115 |       ||   136
         Brom's Barrelling |       |       |       |       |       |     3 |       ||     3
         Petrify           |       |       |       |       |       |     3 |       ||     3
         Bombard           |       |       |       |       |       |   229 |     6 ||   235
         Borgnjor's Vile C |       |       |       |       |       |    32 |     2 ||    34
         Lee's Rapid Decon |       |       |       |       |       |    64 |    12 ||    76
         Ozocubu's Refrige |       |       |       |       |       |       |    16 ||    16
 Invoke: Channel Magic     |       |       |       |       |     2 |    12 |     1 ||    15
  Evoke: Wand              |       |       |     1 |     1 |     9 |    10 |       ||    21
         Phantom mirror    |       |       |       |       |     1 |     1 |       ||     2
    Use: Scroll            |     4 |     8 |    10 |     5 |     7 |    14 |     3 ||    51
         Potion            |       |     1 |     1 |       |     2 |    10 |     4 ||    18
 Armour: Robe              |    33 |    41 |   124 |   129 |   198 |   318 |    30 ||   873
  Dodge: Dodged            |    57 |    59 |   183 |   146 |   267 |   204 |    20 ||   936
  Block: Buckler           |       |       |     1 |    81 |   184 |   171 |     8 ||   445
         Reflection        |       |       |       |    14 |    10 |    40 |     2 ||    66

Table legend: (Time is in decaauts)
 A = Elapsed time spent in this place.
 B = Non-inter-level travel time spent in this place.
 C = Inter-level travel time spent in this place.
 D = Time resting spent in this place.
 E = Time spent auto-exploring this place.
 F = Levels seen in this place.
 G = Mean time per level.
                   A        B        C        D        E       F      G
               +--------+--------+--------+--------+--------+-----+--------+
         Total |  52420 |  49893 |   2527 |   6975 |  34948 |  31 | 1691.0 |
       Dungeon |  24904 |  23462 |   1442 |   3414 |  16543 |  15 | 1660.3 |
        Temple |     26 |      2 |     24 |      0 |      0 |   1 |   26.0 |
          Lair |  11901 |  11258 |    643 |    669 |   8853 |   5 | 2380.2 |
         Swamp |   6574 |   6400 |    174 |   1121 |   4328 |   4 | 1643.5 |
  Orcish Mines |   3150 |   3048 |    102 |    888 |   1631 |   2 | 1575.0 |
   Elven Halls |   4396 |   4256 |    140 |    208 |   3438 |   2 | 2198.0 |
       Ossuary |   1091 |   1091 |      0 |    631 |    106 |   1 | 1091.0 |
      Gauntlet |    374 |    374 |      0 |     44 |     46 |   1 |  374.0 |
               +--------+--------+--------+--------+--------+-----+--------+

Top non-repeatable levels by time:
    D:10: 3184 daAuts
  Lair:2: 2771 daAuts
     D:8: 2702 daAuts
  Lair:5: 2532 daAuts
  Lair:3: 2410 daAuts
   Elf:1: 2356 daAuts
  Lair:1: 2310 daAuts
   Orc:2: 2225 daAuts
 Swamp:4: 2098 daAuts
    D:13: 2089 daAuts
    D:15: 2065 daAuts
   Elf:2: 2039 daAuts
  Lair:4: 1877 daAuts
     D:9: 1797 daAuts
     D:5: 1700 daAuts
